 Dungeon Crawl Stone Soup version 0.20.0-15-g7f486f2 (console) character file.

8144 virginmara the Tainter (level 11, -5/61 HPs)
             Began as a Demonspawn Venom Mage on June 22, 2017.
             Was an Elder of Makhleb.
             Slain by a nine-headed hydra (11 damage)
             ... on level 11 of the Dungeon.
             The game lasted 00:28:22 (7382 turns).

virginmara the Tainter (Demonspawn Venom Mage)      Turns: 7382, Time: 00:28:23

Health: -5/61      AC: 19    Str:  8    XL:     11   Next: 6%
Magic:  0/14       EV: 16    Int: 20    God:    Makhleb [****..]
Gold:   438        SH:  0    Dex: 14    Spells: 4/14 levels left

rFire    . . .     SeeInvis .   a - +3 hand axe (elec)
rCold    . . .     Gourm    +   (no shield)
rNeg     . . .     Faith    .   Y - +4 troll leather armour "Xagur" {rPois Regen+ Stlth+}
rPois    +         Spirit   +   (no helmet)
rElec    .         Reflect  .   I - +0 cloak
rCorr    .         Harm     .   r - +0 pair of gloves
MR       .....     Clarity  +   m - +0 pair of boots
Stlth    +++.......             Q - amulet of the gourmand
Regen    0.6/turn               p - +2 ring of evasion
MPRegen  0.3/turn               g - +4 ring of protection

@: no status effects
A: claws 1, icy blue scales 2, clarity, frail 1, poison resistance, spiny 1,
wild magic 1, magic shield, magic regeneration, magic link
a: Minor Destruction, Lesser Servant of Makhleb, Major Destruction, Renounce
Religion


You were on level 11 of the Dungeon.
You worshipped Makhleb.
Makhleb was greatly pleased with you.
You were not hungry.

You visited 2 branches of the dungeon, and saw 12 of its levels.
You also visited: Sewer.

You collected 704 gold pieces.
You spent 266 gold pieces at shops.

Inventory:

Hand Weapons
 a - a +3 hand axe of electrocution (weapon)
 L - a +2 rapier of freezing
Missiles
 d - 5 poisoned tomahawks (quivered)
 i - 144 sling bullets
 N - 14 tomahawks
Armour
 m - a +0 pair of boots (worn)
 r - a +0 pair of gloves (worn)
 I - a +0 cloak (worn)
 O - a +2 shield of poison resistance
 Y - the +4 troll leather armour "Xagur" (worn) {rPois Regen+ Stlth+}
   (You found it on level 8 of the Dungeon)

   It protects you from poison.
   It increases your rate of regeneration.
   It makes you more stealthy.
Magical Staves
 w - an uncursed staff of poison
Jewellery
 g - a +4 ring of protection (right hand)
 p - a +2 ring of evasion (left hand)
 t - an uncursed ring of positive energy
 Q - an amulet of the gourmand (around neck)
 S - an uncursed ring of positive energy
 T - an uncursed ring of fire
 W - an uncursed amulet of inaccuracy
Wands
 f - a wand of scattershot (3/9)
 v - a wand of paralysis (11/24)
 z - a wand of random effects (28/48)
 K - a wand of polymorph (11/24)
 Z - a wand of acid (8/15)
Scrolls
 j - a scroll of magic mapping {unknown}
 k - 3 scrolls of blinking
 l - a scroll of enchant armour {unknown}
 q - a scroll of amnesia {unknown}
 s - a scroll of teleportation
 u - 2 scrolls of recharging {unknown}
 y - 2 scrolls of random uselessness {unknown}
 D - 6 scrolls of identify
 E - 2 scrolls of remove curse
 G - a scroll of enchant weapon {unknown}
 H - a scroll of fear {unknown}
 M - 2 scrolls of fog {unknown}
 P - a scroll of acquirement {unknown}
 R - 2 scrolls of torment {unknown}
Potions
 e - a potion of ambrosia {unknown}
 h - a potion of agility
 n - 4 potions of flight
 x - a potion of cancellation
 J - 2 potions of lignification {unknown}
 U - a potion of brilliance
Books
 b - a Young Poisoner's Handbook

   Spells                             Type                      Level
   a - Sting                          Conjuration/Poison           1
   b - Poisonous Vapours              Poison/Air                   2
   c - Mephitic Cloud                 Conjuration/Poison/Air       3
   d - Olgreb's Toxic Radiance        Poison                       4
   e - Venom Bolt                     Conjuration/Poison           5
Comestibles
 c - 9 bread rations
 A - 8 royal jellies
 X - 5 meat rations


   Skills:
 + Level 4.7 Armour
 + Level 5.6 Dodging
 - Level 4.0 Stealth
 - Level 2.0 Spellcasting
 - Level 1.0 Conjurations
 + Level 8.2 Air Magic
 + Level 11.9 Poison Magic


You had 4 spell levels left.
You knew the following spells:

 Your Spells              Type           Power        Failure   Level  Hunger
a - Sting                 Conj/Pois      ####         3%          1    #......
b - Poisonous Vapours     Pois/Air       ######       1%          2    ##.....
c - Mephitic Cloud        Conj/Pois/Air  #####...     6%          3    ###....
d - Olgreb's Toxic Radia  Pois           ######..     3%          4    #####..


Dungeon Overview and Level Annotations

Branches:
Dungeon (11/15)            Temple (1/1) D:4
   Lair: D:8-11         Orc: D:9-12

Altars:
Ashenzari
Cheibriados
Dithmenos
Elyvilon
Fedhas
Hepliaklqana
Kikubaaqudgha
Makhleb
Nemelex Xobeh
Okawaru
Qazlal
Ru
Sif Muna
Trog
Uskayaw
Vehumet
Xom
Yredelemnul
Zin
The Shining One

Shops:
D:6 [   D:7 *   D:8 (   D:11 *

Annotations:
D:3 butheremails's ghost, amateur DrEE
D:6 xsansara's ghost, amateur HOGl


Innate Abilities, Weirdness & Mutations

You have sharp fingernails.
You are mostly covered in icy blue scales. (AC +3)
You are partially covered in sharp spines.
When hurt, damage is shared between your health and your magic reserves.
You regenerate magic rapidly.
When low on magic, you restore magic in place of health.
You possess an exceptional clarity of mind.
You are frail. (-10% HP)
Your system is resistant to poisons. (rPois)
Your spells are a little harder to cast, but a little more powerful.


Message History

The nine-headed hydra bites you.
* * * LOW HITPOINT WARNING * * *
The nine-headed hydra bites you but does no damage.
The nine-headed hydra closely misses you.
The nine-headed hydra completely misses you.
The nine-headed hydra bites you.
* * * LOW HITPOINT WARNING * * *
The nine-headed hydra bites you but does no damage.
The nine-headed hydra bites you!
* * * LOW HITPOINT WARNING * * *
The nine-headed hydra bites you but does no damage.
Unknown command.
You hit the nine-headed hydra.
Lightning courses through the nine-headed hydra!
The nine-headed hydra is heavily wounded.
The nine-headed hydra is struck by your spines.
The nine-headed hydra completely misses you. x2
The nine-headed hydra bites you but does no damage.
The nine-headed hydra bites you!
You die...

.. .#......)
#.##........ ########
..#...>.... ......#
.....>.... #....#
#........ #.D..#
#........ #.# #..@.#
#....... #...#....#
#....... #....<.###
#.#.####
###......######.#.##
#.......#.....#..##
#..............#..##
#.)[.............#...
#........∩...........
..................##..


You could see a nine-headed hydra.

Vanquished Creatures
  A two-headed ogre (D:9)
  An unseen horror (D:10)
  Maurice (D:9)
  A centaur zombie (D:10)
  Joseph (D:9)
  A hippogriff (D:10)
  A wyvern (D:9)
  4 yaks (D:9)
  Grum (D:9)
  A hungry ghost (D:10)
  A water moccasin (D:8)
  Purgy (Sewer)
  A black bear (D:7)
  3 orc warriors
  A sky beast (D:10)
  A necrophage (D:9)
  4 phantoms
  7 ogres
  4 wolves (D:9)
  3 centaurs
  4 bullfrogs
  A big kobold (D:8)
  A scorpion (D:9)
  11 killer bees (D:10)
  7 crimson imps
  4 howler monkeys
  A bullfrog zombie (D:5)
  A bullfrog skeleton (D:7)
  3 jellies
  A centaur skeleton (D:9)
  4 orc priests
  4 hounds
  An iguana (D:6)
  12 orc wizards
  9 worker ants
  A killer bee zombie (D:9)
  2 hound skeletons
  3 worker ant zombies
  7 gnolls
  7 adders
  3 shadow imps
  3 oozes
  An adder zombie (D:5)
  2 worms
  2 dart slugs
  4 leopard geckos
  25 orcs
  A ball python (D:4)
  2 giant cockroaches (D:4)
  5 goblins
  4 hobgoblins
  5 jackals
  7 quokkas
  8 bats
  5 frilled lizards
  A jackal skeleton (D:6)
  15 kobolds
  A leopard gecko zombie (D:8)
  7 rats
224 creatures vanquished.

Vanquished Creatures (collateral kills)
  A gargoyle (D:10)
1 creature vanquished.

Grand Total: 225 creatures vanquished

Notes
Turn   | Place    | Note
-------+----------+-------------------------------------------
     0 | D:1      | virginmara the Demonspawn Venom Mage began the quest for the Orb.
     0 | D:1      | Reached XP level 1. HP: 13/13 MP: 3/3
   361 | D:1      | Gained mutation: You are partially covered in icy blue scales. (AC +2) [demonic ancestry]
   361 | D:1      | Reached XP level 2. HP: 19/19 MP: 3/5
   738 | D:2      | Learned a level 2 spell: Poisonous Vapours
   890 | D:2      | Reached XP level 3. HP: 19/24 MP: 1/6
  1002 | D:2      | Reached skill level 4 in Poison Magic
  1270 | D:2      | Reached XP level 4. HP: 30/30 MP: 1/7
  1398 | D:3      | Found a hide-covered altar of Uskayaw.
  1398 | D:3      | Noticed a dagger
  1398 | D:3      | Noticed a dagger
  1485 | D:3      | Noticed butheremails's ghost (amateur DrEE)
  1800 | D:3      | Gained mutation: You possess an exceptional clarity of mind. [potion of mutation]
  1800 | D:3      | Gained mutation: You are frail. (-10% HP) [potion of mutation]
  1800 | D:3      | Gained mutation: Your spells are a little harder to cast, but a little more powerful. [potion of mutation]
  1800 | D:3      | Gained mutation: Your system is resistant to poisons. (rPois) [potion of mutation]
  1810 | D:3      | Found a glowing drain.
  1819 | Sewer    | Entered a sewer
  1822 | Sewer    | Reached skill level 5 in Poison Magic
  1886 | Sewer    | Noticed Purgy
  1892 | Sewer    | Learned a level 3 spell: Mephitic Cloud
  2003 | Sewer    | Killed Purgy
  2003 | Sewer    | Gained mutation: When hurt, damage is shared between your health and your magic reserves. [demonic ancestry]
  2003 | Sewer    | Reached XP level 5. HP: 31/31 MP: 1/8
  2315 | D:4      | Found a staircase to the Ecumenical Temple.
  2390 | Temple   | Entered the Ecumenical Temple
  2460 | D:4      | Gained mutation: You are mostly covered in icy blue scales. (AC +3) [demonic ancestry]
  2460 | D:4      | Reached XP level 6. HP: 36/36 MP: 4/9
  2483 | Temple   | Became a worshipper of Makhleb the Destroyer
  2561 | D:4      | Reached skill level 6 in Poison Magic
  2739 | D:5      | Entered Level 5 of the Dungeon
  3149 | D:5      | Found a snail-covered altar of Cheibriados.
  3284 | D:6      | Reached skill level 1 in Air Magic
  3284 | D:6      | Gained mutation: You are partially covered in sharp spines. [demonic ancestry]
  3284 | D:6      | Reached XP level 7. HP: 40/41 MP: 5/10
  3300 | D:6      | Reached skill level 7 in Poison Magic
  3303 | D:6      | Noticed xsansara's ghost (amateur HOGl)
  3409 | D:5      | Reached * piety under Makhleb
  3527 | D:5      | Found a sparkling altar of Nemelex Xobeh.
  3595 | D:5      | Found a glowing golden altar of the Shining One.
  3597 | D:5      | Found a basalt altar of Yredelemnul.
  3599 | D:5      | Found a radiant altar of Vehumet.
  3768 | D:6      | Reached skill level 8 in Poison Magic
  3781 | D:6      | Gained mutation: You regenerate magic rapidly. [demonic ancestry]
  3781 | D:6      | Reached XP level 8. HP: 46/46 MP: 9/11
  3799 | D:6      | Found Gukus's Armour Shoppe.
  4124 | D:7      | Reached skill level 9 in Poison Magic
  4193 | D:7      | Found Rorasun's Assorted Antiques.
  4202 | D:7      | Bought a runed rapier for 133 gold pieces
  4202 | D:7      | Bought a small bone amulet for 95 gold pieces
  4202 | D:7      | Bought a scroll labeled OPPYMAXZUE for 19 gold pieces
  4202 | D:7      | Bought a scroll labeled SOYNKU ALOXZE for 19 gold pieces
  4691 | D:7      | Reached skill level 5 in Air Magic
  4769 | D:7      | Reached XP level 9. HP: 36/51 MP: 12/12
  4871 | D:8      | Reached ** piety under Makhleb
  4871 | D:8      | Reached skill level 10 in Poison Magic
  4896 | D:8      | Found Rebiul's Weapon Shop.
  5336 | D:8      | Got a polished troll leather armour
  5354 | D:8      | Identified the +4 troll leather armour "Xagur" {rPois Regen+ Stlth+} (You found it on level 8 of the Dungeon)
  5422 | D:8      | Learned a level 4 spell: Olgreb's Toxic Radiance
  5865 | D:9      | Reached skill level 1 in Armour
  5888 | D:9      | Reached *** piety under Makhleb
  6101 | D:9      | Noticed Maurice
  6111 | D:9      | Killed Maurice
  6204 | D:9      | Noticed Joseph
  6220 | D:9      | Killed Joseph
  6220 | D:9      | Reached skill level 11 in Poison Magic
  6262 | D:9      | Gained mutation: When low on magic, you restore magic in place of health. [demonic ancestry]
  6262 | D:9      | Reached XP level 10. HP: 56/56 MP: 1/13
  6263 | D:9      | Noticed a two-headed ogre
  6299 | D:9      | Killed a two-headed ogre
  6492 | D:9      | Noticed Grum
  6502 | D:9      | Killed Grum
  6696 | D:10     | Entered Level 10 of the Dungeon
  6831 | D:10     | Reached skill level 5 in Dodging
  6838 | D:10     | Noticed a gargoyle
  6845 | D:10     | Reached **** piety under Makhleb
  6863 | D:10     | Killed a gargoyle
  7174 | D:10     | Killed an unseen horror
  7174 | D:10     | Gained mutation: You have sharp fingernails. [demonic ancestry]
  7174 | D:10     | Reached XP level 11. HP: 56/61 MP: 8/14
  7359 | D:11     | Found Xarphaho's General Store.
  7367 | D:11     | Noticed a five-headed hydra
  7382 | D:11     | Slain by a nine-headed hydra

Skill      XL: |  1  2  3  4  5  6  7  8  9 10 |
---------------+-------------------------------+-----
Dodging        | 2 3 5 |  5.6
Stealth        | 2 3 4 |  4.0
Poison Magic   | 4 5 6 8 9 11 | 11.9
Air Magic      | 1 3 5 6 8 |  8.2
Armour         | 2 4 |  4.7
Spellcasting   | |  2.0
Conjurations   | |  1.0

Action                   |  1- 3 |  4- 6 |  7- 9 | 10-12 || total
-------------------------+-------+-------+-------+-------++-------
Melee: Short sword       |    17 |   104 |       |       ||   121
       Hand axe          |       |    11 |   215 |   105 ||   331
Throw: Tomahawk          |       |     4 |     1 |       ||     5
 Cast: Sting             |    59 |   101 |    35 |    19 ||   214
       Poisonous Vapours |       |     6 |     9 |     3 ||    18
       Mephitic Cloud    |       |       |     5 |     3 ||     8
       Olgreb's Toxic Ra |       |       |     2 |     8 ||    10
Invok: Lesser Servant of |       |       |       |     2 ||     2
Evoke: Wand              |       |     1 |       |     2 ||     3
  Use: Potion            |       |    14 |       |     4 ||    18
       Scroll            |       |     9 |     2 |     1 ||    12
 Stab: Paralysed         |       |     4 |       |     6 ||    10
       Sleeping          |       |     2 |    11 |     3 ||    16
       Confused          |       |       |     6 |     1 ||     7
  Eat: Chunk             |     2 |     7 |    14 |     7 ||    30
       Fruit             |       |     2 |       |     3 ||     5
Armor: Robe              |    10 |    58 |    58 |       ||   126
       Troll leather arm |       |       |    29 |    57 ||    86
Dodge: Dodged            |    25 |   154 |   144 |   116 ||   439
